cohdb
Replays
Latest Replays
All Replays
Popular Replays
Top Player Replays
Match Explorer
How It Works
Community
CoH3 Stats
Reddit
Sign in to upload your games and track your stats! →
Sign in with Steam
Match 45666168
Unlisted
Match 45666168
Overview
Messages
Build Orders
End
Construct Barracks
Selects Heavy Weapons
Riflemen Squad
Riflemen Squad
M1 Mortar Team
Grenade Package
Construct Weapon Support Center
Selects M2HB .50cal Heavy Machine Gun
M1919 Machine Gun Team
Air Support Center
Construct Medical Station
Bazooka Squad
P-47 Strafing Run
Riflemen Squad
Double Sortie
Bazooka Squad
M3 Armored Personnel Carrier
AI Takeover
Don Pitudo
Apox
Tastyland
el menda lerenda
VIOLATION
achtjä
0
0
Comments
sign in to comment!
No comments posted yet!